AoeStats
← AiM | CanvaL

African Clearing

506608266Analyzed
4v4 RM · 19d ago on Sep 14, 2026· 32m 6s· 8 players
Game mode
Random Map
Map size
Large (8 player)
Population
200
Speed
Normal
Resources
Standard
Victory
Conquest
Starting age
Dark Age
Ending age
Imperial Age
RankedLock teamsTeams togetherTeam positionsShared explorationLock speedFull tech treeHidden civsTurbo modeCheats
Victory
Defeat
🇻🇳 Spanish · Vietnam
1267
+14
🇬🇷 Berbers · Greece
1261
+14
🇫🇷 Magyars · France
1250
+15
🇨🇱 Vietnamese · Chile
1206
+17
🇮🇳 Portuguese · India
1264
-17
🇮🇳 Hindustanis · India
1226
-15
🇦🇺 Cumans · Australia
1206
-14
🇭🇰 Britons · Hong Kong SAR China
1192
-14
AiM | CanvaL
5:07 Loom
15:43 Feudal Age
19:16 Castle Age
20:13 Town Watch
27:42 Fletching
32:10 Gold Mining
32:13 Double-Bit Axe
32:21 Gold Mining
El_diouf
4:08 Loom
12:53 Feudal Age
13:37 Double-Bit Axe
15:44 Fletching
22:05 Wheelbarrow
23:25 Padded Archer Armor
25:34 Castle Age
24:08 Gold Mining
24:01 Horse Collar
25:36 Crossbowman
26:12 Bodkin Arrow
27:07 Leather Archer Armor
28:59 Town Watch
32:11 Thumb Ring
Papiz96
7:43 Loom
14:45 Feudal Age
20:07 Castle Age
19:17 Fletching
22:15 Bodkin Arrow
26:27 Horse Collar
31:44 Wheelbarrow
31:01 Town Watch
32:25 Ballistics
32:50 Bloodlines
32:41 Husbandry
Ky
11:51 Loom
14:02 Feudal Age
20:58 Scale Barding Armor
21:05 Forging
20:43 Double-Bit Axe
20:39 Horse Collar
24:41 Castle Age
23:16 Wheelbarrow
26:00 Husbandry
26:21 Bow Saw
28:34 Bloodlines
28:48 Chain Barding Armor
29:04 Iron Casting
nikoker
13:53 Feudal Age
20:48 Castle Age
21:10 Forging
21:06 Scale Barding Armor
23:13 Chain Barding Armor
24:02 Bloodlines
25:18 Wheelbarrow
30:26 Iron Casting
chanakya
4:09 Loom
14:25 Feudal Age
18:37 Castle Age
21:04 Fletching
24:06 Double-Bit Axe
Articuno
3:36 Loom
12:25 Feudal Age
13:34 Double-Bit Axe
17:43 Horse Collar
18:24 Scale Barding Armor
25:12 Castle Age
Kingking2014
4:18 Loom
15:14 Feudal Age
Connection lost

Rejoining the realm…

Still unreachable

The connection could not be restored.

Session expired

The server has moved on; the page needs a fresh start.